[Event "Early-Titled-Tuesday-Blitz-January-23-2024"]
[Site "Chess.com"]
[Date "2024.01.23"]
[Round "10"]
[White "dropstoneDP"]
[Black "vovachesss"]
[Result "1-0"]
[WhiteElo "3045"]
[BlackElo "2848"]
[TimeControl "180+1"]
[EndTime "9:57:16 PST"]
[Termination "dropstoneDP won on time"]

1. e4 c5 2. Nf3 e6 3. d4 cxd4 4. Nxd4 a6 5. h3 d6 6. c4 Nf6 7. Nc3 b6 8. g4 Bb7 9. Bg2 Qc7 10. Qe2 Nc6 11. Nxc6 Bxc6 12. Nd5 Qb7 13. Bg5 Nd7 14. O-O f6 15. Bh4 Be7 16. f4 Nf8 17. Nb4 e5 18.
Bg3 Ne6 19. Rad1 O-O 20. f5 Nd4 21. Rxd4 exd4 22. Nxc6 Qxc6 23. e5 Qc5 24. b4 d3+ 25. bxc5 dxe2 26. Bd5+ Kh8 27. exd6 exf1=Q+ 28. Kxf1 Rac8 29. dxe7 Rfe8 30. cxb6 Rxe7 31. b7 Rxb7 32. Bxb7 Rxc4 33. Bd5 Rd4 34. Bb3 a5 35. Bf2 Rd3 36. Kg2 h5 37. gxh5 Kh7 38. Bf7 a4 39. Bg6+ Kg8 40.
h4 Rd2 41. a3 Ra2 42. h6 gxh6 43. Kf3 Rxa3+ 44. Ke4 Ra2 45. Bd4 a3 46. Bxf6 Re2+ 47. Kf3 Rc2 48. Be5 Rc5 49. Bd4 Rd5 50. Ba1 Rd1 51. Bc3 a2 52. f6 1-0

[Event "Early-Titled-Tuesday-Blitz-January-23-2024"]
[Site "Chess.com"]
[Date "2024.01.23"]
[Round "10"]
[White "JonasEilenberg"]
[Black "Chessbard1972"]
[Result "0-1"]
[WhiteElo "2565"]
[BlackElo "2468"]
[TimeControl "180+1"]
[EndTime "9:57:16 PST"]
[Termination "Chessbard1972 won by resignation"]

1. d4 Nf6 2. Bf4 d5 3. e3 c5 4.
Nf3 Nc6 5. Nbd2 Qb6 6. dxc5 Qxb2 7. Rb1 Qa3 8. Bb5 Bd7 9. O-O Qxc5 10. c4 e6 11. Nb3 Qa3 12. Bg5 dxc4 13. Bxc4 Be7 14. h3 Rd8 15. Qe2 O-O 16. Rfd1 h6 17. Bf4 Bc8 18. Nbd4 Nxd4 19. Nxd4 a6 20. Bg3 Ne4 21. Rb3 Nxg3 22. fxg3 Qc5 23. Bd3 Qg5 24. Kh2 Bd6 25. Qf2 h5 26. Nf3 Qf6 27. Kh1 b5 28. Rc1 Bb7 29.
e4 Be5 30. Qb6 Rd7 31. Rf1 Rfd8 32. Bc2 Bxg3 33. Rbb1 Qc3 34. Bb3 Bxe4 35. Qxa6 Bxb1 36. Rxb1 b4 37. Qb5 Rd3 38. Qxh5 Qf6 39. Rf1 Bc7 40.
Bc2 Qf4 41. Bxd3 Rxd3 42. Qg4 Rxf3 43. Qxf4 Rxf4 44. Rc1 Be5 45. Rc8+ Kh7 46. Kg1 Bf6 47. Rb8 Bd4+ 48. Kh2 Bc3 49. Kg3 Rd4 50. Rb7 Rd3+ 51. Kf4 Kg6 52. g4 Rd2 53. h4 Rxa2 54. h5+ Kh6 55.
Rxf7 Rf2+ 56. Kg3 Rxf7 57. Kh4 Bf6+ 58. g5+ Bxg5+ 59. Kg4 Rf4+ 60. Kg3 Rh4 61. Kg2 Rxh5 0-1

[Event "Early-Titled-Tuesday-Blitz-January-23-2024"]
[Site "Chess.com"]
[Date "2024.01.23"]
[Round "10"]
[White "PawnEatingZombie"]
[Black "GMJustin"]
[Result "0-1"]
[WhiteElo "2108"]
[BlackElo "2336"]
[TimeControl "180+1"]
[EndTime "9:57:16 PST"]
[Termination "GMJustin won on time"]

1. e4 c5 2. Nf3 d6 3. Bb5+ Nd7 4. O-O a6 5. Bxd7+ Bxd7 6. h3 Nf6 7. Re1 e6 8. c3 Be7 9. d4 cxd4 10. cxd4 d5 11.
e5 Ne4 12. Nbd2 Bc6 13. a3 O-O 14. Nf1 Rc8 15. Be3 Qb6 16. Rb1 Bb5 17. Qb3 Qa5 18.
N3d2 Bxf1 19. Nxf1 Qb5 20. Qxb5 axb5 21. Rbc1 f5 22. f3 Ng5 23. Nd2 Nf7 24. f4 Rfd8 25.
Nb3 b6 26. Bd2 Rc4 27. Kf2 Rdc8 28. Ke3 Kf8 29. Bb4 Bxb4 30. axb4 Ke8 31. Rxc4 bxc4 32. Rc1 Kd7 33. Nd2 Ra8 34. Rb1 Nd8 35. b3 b5 36.
bxc4 bxc4 37. Nf3 Ra3+ 38. Kf2 Nb7 39. Rb2 c3 40. Rc2 Kc6 41. Ne1 Kb5 42. Nd3 Kc4 43. Ke3 Rb3 44. Ne1 Rxb4 45. Nd3 Rb3 46. Ke2 Ra3 47. Ke3 Na5 48. g4 Nb3 49. gxf5 exf5 50.
e6 Nxd4 0-1

[Event "Early-Titled-Tuesday-Blitz-January-23-2024"]
[Site "Chess.com"]
[Date "2024.01.23"]
[Round "10"]
[White "djano"]
[Black "emeli_chess"]
[Result "1/2-1/2"]
[WhiteElo "2681"]
[BlackElo "2467"]
[TimeControl "180+1"]
[EndTime "9:57:17 PST"]
[Termination "Game drawn - insufficient material"]

1. e4 e5 2. Nf3 Nc6 3. d4 exd4 4. Nxd4 Bc5 5. Nb3 Bb6 6. Qg4 Qf6 7. Qg3 Nge7 8. Nc3 Nd4 9. Bd3 h5 10. h4 O-O 11. Bg5 Qe6 12. O-O-O Nxb3+ 13. axb3 Ng6 14. Kb1 c6 15. f4 Qg4 16. Qxg4 hxg4 17. h5 Nh8 18. e5 f6 19. exf6 gxf6 20. Bh6 Re8 21. Ne4 Rxe4 22. Bxe4 d5 23. Bg6 Nf7 24. Bxf7+ Kxf7 25.
f5 Bxf5 26. Rde1 Be4 27. Be3 Bc7 28. h6 Rh8 29. Re2 Rh7 30. Rf1 f5 31. Ref2 Kg6 32. Kc1 a6 33. b4 Bd6 34. c3 Bf8 35. Rh1 Bxh6 36. Rxh6+ Rxh6 37. Bxh6 Kxh6 38. g3 Kg5 39. Kd2 Kf6 40. Ke3 Ke5 41. Rh2 b6 42. Rh6 c5 43. Rxb6 d4+ 44. Kd2 f4 45. gxf4+ Kxf4 46. bxc5 g3 47. Rf6+ Ke5 48. Rf8 Kd5 49. Rg8 g2 50. Rg5+ Kc4 51. Rg4 dxc3+ 52. bxc3 Kxc5 53. Ke3 Bc6 54. Kf2 a5 55. Rg5+ Kb6 56. c4 a4 57. Kg1 a3 58. Rg3 Kc5 59. Rxa3 Kxc4 60. Ra1 Kc5 61. Rc1+ Kd6 62. Rxc6+ Kxc6 63. Kxg2 1/2-1/2

[Event "Early-Titled-Tuesday-Blitz-January-23-2024"]
[Site "Chess.com"]
[Date "2024.01.23"]
[Round "10"]
[White "DarkAlekhine"]
[Black "JeFumeDesClopes"]
[Result "0-1"]
[WhiteElo "2682"]
[BlackElo "2550"]
[TimeControl "180+1"]
[EndTime "9:57:17 PST"]
[Termination "JeFumeDesClopes won on time"]

1. e4 g6 2. d4 Bg7 3. Nc3 d6 4. Be3 a6 5. h4 h5 6. Qd2 Nf6 7. f3 b5 8. O-O-O b4 9. Nce2 a5 10. Kb1 Nbd7 11. Nh3 Nb6 12. Nc1 Bxh3 13. Rxh3 O-O 14. Bh6 c5 15. d5 c4 16. Bxg7 Kxg7 17. Qd4 Qc7 18. Ne2 Rfc8 19. Rg3 Qc5 20. Qxc5 Rxc5 21.
Nd4 Nbd7 22. Nc6 Kf8 23. Rh3 Nb8 24. Nd4 Nbd7 25. Rh1 Ne5 26. c3 Rb8 27. Kc2 a4 28.
Be2 Rc7 29. a3 bxa3 30. bxa3 Rcb7 31. Rb1 Rb3 32. Nxb3 cxb3+ 33. Kb2 Nfd7 34. Rbd1 Nc5 35. Rd4 Ke8 36. Rhd1 Kd7 37. Rb4 Rg8 38. f4 Ng4 39. Bb5+ Kc7 40. Bxa4 Nf2 41. Rdd4 Nfd3+ 42. Kb1 Nxb4 43.
Rxb4 Ra8 44. Bxb3 Rxa3 45. Kb2 Ra7 46. Bc2 e6 47. dxe6 fxe6 48. g3 Ra8 49. e5 dxe5 50.
fxe5 Rf8 51. Rf4 Rg8 52. Rf7+ Kc6 53. Bd1 Nd7 54. Bf3+ Kc7 0-1

[Event "Early-Titled-Tuesday-Blitz-January-23-2024"]
[Site "Chess.com"]
[Date "2024.01.23"]
[Round "10"]
[White "shimastream"]
[Black "Elsa167"]
[Result "0-1"]
[WhiteElo "3010"]
[BlackElo "2937"]
[TimeControl "180+1"]
[EndTime "9:57:19 PST"]
[Termination "Elsa167 won on time"]

1. d4 Nf6 2. Bg5 c5 3. Bxf6 exf6 4. d5 d6 5. c4 g6 6. Nc3 Bg7 7. e3 f5 8. Nge2 O-O 9. g3 Nd7 10. h4 Ne5 11. Nf4 h5 12. Be2 Bd7 13. a4 Re8 14. O-O Rb8 15. a5 a6 16. Qd2 b5 17. axb6 Rxb6 18.
Ra2 Qc7 19. Rc1 Reb8 20. Nd1 Qb7 21. Kf1 Rb4 22. Qc2 Qb6 23. Kg2 a5 24. Rca1 a4 25. Ra3 Ng4 26. R1a2 Bxb2 27. Rxa4 Bxa4 28. Rxa4 Bg7 29.
Qa2 Rxa4 30. Qxa4 Ne5 31. Qa2 Bh6 32. Nd3 Nxd3 33. Bxd3 Bg7 34. Be2 Qb7 35. Qa4 Ra8 36. Qc6 Qb8 37. e4 fxe4 38. g4 hxg4 39. Bxg4 Ra2 40.
h5 gxh5 41. Bxh5 Qd8 42. Bg4 Bd4 43. Kg3 Qf6 44. Qc8+ Kg7 45. Bf5 Qg5+ 46. Bg4 Bxf2+ 47. Nxf2 Qe3+ 48. Kh4 Qxf2+ 49. Kh5 Qh2+ 50. Bh3 Qe5+ 51. Bf5 Rh2+ 52. Kg4 Rg2+ 53. Kh5 Qf4 54. Bg4 Rh2+ 55. Bh3 Qh6+ 56. Kg4 Qxh3+ 57. Kf4 Qxc8 0-1

[Event "Early-Titled-Tuesday-Blitz-January-23-2024"]
[Site "Chess.com"]
[Date "2024.01.23"]
[Round "10"]
[White "Casper"]
[Black "Revan_2002"]
[Result "0-1"]
[WhiteElo "2556"]
[BlackElo "2418"]
[TimeControl "180+1"]
[EndTime "9:57:20 PST"]
[Termination "Revan_2002 won by checkmate"]

1. Nf3 Nf6 2. b3 g6 3. Bb2 Bg7 4. e3 O-O 5. c4 c5 6. d4 cxd4 7.
exd4 d5 8. Be2 Nc6 9. O-O Bg4 10. Ne5 Bxe2 11. Qxe2 e6 12. Nxc6 bxc6 13. Rd1 a5 14. Nc3 Re8 15. Na4 Nh5 16. g3 Qb8 17. Nc5 Ra7 18. Rac1 Rae7 19. Qd2 Ra7 20. Nd3 Nf6 21. Ne5 Ne4 22. Qf4 Bxe5 23. dxe5 a4 24. f3 axb3 25. fxe4 Rxa2 26. Bd4 b2 27. Rb1 dxc4 28. Rf1 Re7 29.
Qf2 Rb7 30. Qc2 c5 31. Qxc4 Ra5 32. Bc3 Rab5 33. Rf2 Rb3 34. Rc2 h5 35. Qe2 h4 36.
Rcxb2 h3 37. Qc2 c4 38. Kf2 Qa7+ 39. Kf3 Qa3 40. Rxb3 cxb3 41. Qd3 b2 42. Kg4 Kg7 43. Qd2 Qa4 44. Rxb2 Qxe4+ 45. Qf4 Qc6 46. Qf6+ Kg8 47.
Bd4 Rxb2 48. Bxb2 Qg2 49. Qd8+ Kg7 50. Qf6+ Kg8 51. Ba3 Qxh2 52. Qd8+ Kh7 53. Qh4+ Kg8 54. Qxh3 Qe2+ 55. Kh4 Qh5# 0-1

[Event "Early-Titled-Tuesday-Blitz-January-23-2024"]
[Site "Chess.com"]
[Date "2024.01.23"]
[Round "10"]
[White "ChainedDowntohell"]
[Black "GMKrikor"]
[Result "1-0"]
[WhiteElo "2602"]
[BlackElo "2789"]
[TimeControl "180+1"]
[EndTime "9:57:22 PST"]
[Termination "ChainedDowntohell won by resignation"]

1. d4 Nf6 2. c4 g6 3. Nc3 d5 4.
cxd5 Nxd5 5. e4 Nxc3 6. bxc3 Bg7 7. Bc4 c5 8. Ne2 O-O 9. O-O Nc6 10. Be3 Bg4 11. f3 Bd7 12. Qd2 Qa5 13. Rfd1 cxd4 14. cxd4 Qxd2 15. Rxd2 Rfc8 16. Rb1 Be8 17. Kf2 e6 18. Bb5 Na5 19. Bxe8 Rxe8 20. Rc2 a6 21. Bd2 Nc6 22. Rxb7 Nxd4 23. Rcc7 Nb5 24. Rxf7 Ba1 25. Rxh7 Rab8 26. Rxb8 Rxb8 27. Re7 Nd6 28. Rxe6 Nc4 29.
Bc3 Bxc3 30. Nxc3 Rb2+ 31. Kg3 Ne3 32. Rxg6+ Kf7 33. Rxa6 Rxg2+ 34. Kf4 Nc2 35. Nd5 Rxh2 36. e5 Nd4 37. Ke4 Rh4+ 38. f4 Ne6 39. Ra7+ Kf8 40.
a4 Rh5 41. Ra8+ Kf7 42. Ra7+ Kf8 43. a5 Nc5+ 44. Kf3 Rh3+ 45. Kg4 Ra3 46. Nf6 Ne6 47. Nd7+ Ke8 48. Nf6+ Kf8 49. Kf5 Nd4+ 50. Ke4 Ne6 51.
f5 Ng5+ 52. Kf4 Nh3+ 53. Kg4 Nf2+ 54. Kh5 Rh3+ 55. Kg5 Rg3+ 56. Kf4 Ra3 57. e6 Nd3+ 58. Kg5 Ne5 59. e7+ 1-0

[Event "Early-Titled-Tuesday-Blitz-January-23-2024"]
[Site "Chess.com"]
[Date "2024.01.23"]
[Round "10"]
[White "tptagain"]
[Black "Lennis93"]
[Result "1-0"]
[WhiteElo "2918"]
[BlackElo "2660"]
[TimeControl "180+1"]
[EndTime "9:57:22 PST"]
[Termination "tptagain won by resignation"]

1. Nf3 d5 2. c4 e6 3. e3 Nf6 4. Nc3 g6 5. d4 Bg7 6. b4 O-O 7. Bb2 Nbd7 8. a4 a5 9. b5 b6 10.
cxd5 exd5 11. Be2 Bb7 12. O-O Re8 13. Qb3 Nf8 14. Rac1 Ne6 15. Ne5 Nd7 16. Nc6 Bxc6 17. bxc6 Nf6 18. Bf3 Ne4 19. Qxd5 Nd2 20. Qxd8 Raxd8 21. Rfd1 Nxf3+ 22. gxf3 f5 23. Nb5 Re7 24. Bc3 Ng5 25.
Kg2 f4 26. e4 Ne6 27. d5 Nc5 28. Bxg7 Kxg7 29. Rxc5 bxc5 30. Rc1 Kf6 31. Rxc5 Rg7 32. h3 g5 33. Nd4 Ra8 34. Nf5 Rf7 35. d6 cxd6 36.
Nxd6 Rc7 37. Nb5 Rcc8 38. c7 Ke6 39. Kf1 Rg8 40. Rc6+ Kd7 41. Rh6 Rg7 42. Rd6+ Ke7 43. Ra6 Rc8 44. Rxa5 Kd7 45. Ra6 Rg6 46. Ra5 h5 47. Kg2 g4 48. hxg4 hxg4 49. fxg4 Rxg4+ 50. Kf3 Rh4 51. Ra6 Rh3+ 52. Ke2 Rb3 53. Rd6+ Ke7 54. Rd4 f3+ 55. Kd2 Rb2+ 56. Ke3 Rb3+ 57. Kf4 Rf8+ 58. Ke5 Rc8 59. Rc4 Kd7 60. Rd4+ Ke7 61. Kd5 Rb2 62. Kc6 Rxf2 63. Kb7 Rf8 64. c8=Q Rxc8 65. Kxc8 Re2 66. Rd3 f2 67. Rf3 Ke6 68. Nd4+ Ke5 69. Nxe2 Kxe4 70.
Rxf2 Ke3 71. Rh2 1-0

[Event "Early-Titled-Tuesday-Blitz-January-23-2024"]
[Site "Chess.com"]
[Date "2024.01.23"]
[Round "10"]
[White "jaskol95"]
[Black "MusicCityMaster"]
[Result "1-0"]
[WhiteElo "2563"]
[BlackElo "2438"]
[TimeControl "180+1"]
[EndTime "9:57:22 PST"]
[Termination "jaskol95 won on time"]

1. e4 e6 2. Nf3 d5 3. e5 c5 4. b4 cxb4 5. a3 Nc6 6. axb4 Bxb4 7. c3 Bf8 8. d4 Bd7 9. Bd3 a6 10. Na3 Na5 11. Nc2 Nb3 12. Rb1 Nxc1 13. Qxc1 b5 14. O-O Nh6 15. Nd2 Qc7 16. Ne3 Be7 17. f4 f5 18. exf6 Bxf6 19. f5 O-O 20. fxe6 Bxe6 21.
Nf3 Ng4 22. Bf5 Bxf5 23. Nxf5 g6 24. Ne3 Nxe3 25. Qxe3 Rae8 26. Qh6 Qg7 27. Qh3 Re3 28. Rfe1 Rxc3 29. Qe6+ Kh8 30. Qxd5 Rd3 31. Re4 Rd8 32. Qc6 Bxd4+ 33. Nxd4 R3xd4 34. Re8+ Rxe8 35. Qxe8+ Qg8 36. Qe5+ Qg7 37. Qb8+ Qg8 38. Qb6 Qd8 39. Qxa6 Rd1+ 40. Rxd1 Qxd1+ 41. Kf2 Qd4+ 42. Kf3 Qe5 43. Qb7 Qf5+ 44.
Ke3 Qc5+ 45. Kf3 b4 46. h4 Qc3+ 47. Kg4 b3 48. Qb8+ Kg7 49. Qb7+ Kf6 50. Qb8 Qd4+ 51. Kf3 b2 52. Qh8+ Kf7 53. Qxd4 b1=Q 54. Qd7+ Kf6 55. Qxh7 Qf1+ 56. Kg3 Qe1+ 57. Kh3 Qh1+ 58. Kg3 Qe1+ 59. Kh2 Qe5+ 60. g3 Qe2+ 61. Kg1 1-0

[Event "Early-Titled-Tuesday-Blitz-January-23-2024"]
[Site "Chess.com"]
[Date "2024.01.23"]
[Round "10"]
[White "BilodeauA"]
[Black "Njal28"]
[Result "1-0"]
[WhiteElo "2949"]
[BlackElo "3035"]
[TimeControl "180+1"]
[EndTime "9:57:23 PST"]
[Termination "BilodeauA won by checkmate"]

1. e4 e5 2. Nf3 Nc6 3. Bc4 Bc5 4. d3 Nf6 5. Nc3 d6 6. h3 h6 7. a4 a6 8. Be3 Bb4 9. O-O Bxc3 10. bxc3 Be6 11. Bxe6 fxe6 12. a5 O-O 13. c4 Qe8 14. Nd2 Nh5 15. g3 Qg6 16. Kh2 Rf6 17. Qg4 Qf7 18. f3 Rf8 19. h4 Kh7 20. c3 Ne7 21.
Rab1 Ng8 22. Qh3 Rg6 23. Rg1 c6 24. Rbf1 Rf6 25. d4 exd4 26. cxd4 e5 27. d5 Ne7 28. Rf2 Rg6 29. Qd7 Qf6 30. Qxb7 cxd5 31. cxd5 Nf4 32. Qxa6 Rxg3 33. Kxg3 Neg6 34. Rh1 Nxh4 35. Rxh4 Qg5+ 36. Rg4 Nh5+ 37. Kh2 Qxe3 38. Qe2 Qc3 39. Rfg2 Rf7 40. a6 Nf4 41. Qc4 Qa1 42. Qc6 Nxg2 43. Rxg2 Qe1 44.
Qc4 Rf4 45. Qf1 Qe3 46. Qf2 Qa3 47. Kg1 Rf7 48. Nf1 Qxa6 49. Ne3 Qa1+ 50. Kh2 g6 51. Qg3 Rf6 52. Ng4 Rf7 53. Nxh6 Rf6 54. Ng4 Rf4 55.
Qh4+ Kg8 56. Qd8+ Kg7 57. Qxd6 Qc1 58. Qxe5+ Kf8 59. d6 Rf7 60. Qh8# 1-0

[Event "Early-Titled-Tuesday-Blitz-January-23-2024"]
[Site "Chess.com"]
[Date "2024.01.23"]
[Round "10"]
[White "Boundless_Strike"]
[Black "Zq1"]
[Result "1-0"]
[WhiteElo "2622"]
[BlackElo "2513"]
[TimeControl "180+1"]
[EndTime "9:57:23 PST"]
[Termination "Boundless_Strike won on time"]

1. d4 Nf6 2. f3 d5 3. e4 dxe4 4. Nc3 e3 5. Bxe3 g6 6. Qd2 Bg7 7. O-O-O Nc6 8. d5 Ne5 9. Bf4 Nh5 10. Bh6 Bxh6 11. Qxh6 Nf6 12. h3 a6 13. f4 Ned7 14.
Nf3 Nc5 15. Ne5 Qd6 16. Qg7 Rf8 17. Be2 b5 18. Bf3 b4 19. Ne2 Bb7 20. Rhe1 Nfe4 21. Nd4 Ng3 22. Kb1 Nf5 23. Nxf5 gxf5 24. Nc4 Qg6 25. Qd4 Ne4 26. Bxe4 fxe4 27. Rxe4 O-O-O 28. Ne3 e6 29. Qxb4 exd5 30. Red4 Qe6 31. Qc3 Rfe8 32. R1d3 Qb6 33. b4 Kb8 34. a3 Qe6 35. Kb2 h5 36.
Qc5 Qf6 37. Qc3 Rd6 38. Nxd5 Bxd5 39. Rxd5 Qxc3+ 40. Kxc3 Rxd5 41. Rxd5 Re2 42. Rxh5 Rxg2 43.
Rf5 Rg3+ 44. Kc4 Rxh3 45. c3 Rh7 46. Kc5 Kb7 47. c4 Kc8 48. a4 Kd7 49. Rf6 Kc8 50. Rxa6 Rh5+ 51. Kd4 Rh4 52. Ke4 Rh1 53. Rf6 Rb1 54.
b5 Rb4 55. Kd5 Rxa4 56. Rxf7 Kb7 57. f5 Ra1 58. Re7 Rd1+ 59. Ke6 1-0

[Event "Early-Titled-Tuesday-Blitz-January-23-2024"]
[Site "Chess.com"]
[Date "2024.01.23"]
[Round "10"]
[White "Quattroporte300"]
[Black "azikom"]
[Result "0-1"]
[WhiteElo "2441"]
[BlackElo "2668"]
[TimeControl "180+1"]
[EndTime "9:57:23 PST"]
[Termination "azikom won on time"]

1. e4 c5 2. c3 e6 3. d4 d5 4. e5 Bd7 5. Nf3 Qb6 6. Be2 Bb5 7. O-O Bxe2 8. Qxe2 Nc6 9. Rd1 Nh6 10. dxc5 Bxc5 11.
Bxh6 gxh6 12. b4 Bf8 13. Nbd2 Bg7 14. Nb3 O-O-O 15. a4 Kb8 16. a5 Qc7 17. Re1 Ne7 18. Nc5 Ng6 19. Qb5 Ka8 20. Qe2 Bf8 21. Na4 Be7 22. Qe3 Kb8 23. Nd4 Qd7 24. Reb1 Rc8 25. b5 Bg5 26. Qe1 Ne7 27. a6 b6 28. Nb2 h5 29.
Nd3 Rhg8 30. Nb4 h4 31. h3 Rc5 32. Nbc6+ Nxc6 33. Nxc6+ Rxc6 34. bxc6 Qxc6 35. Rb3 h6 36. f3 Be7 37. Rab1 Kc7 38. Kh1 Qc4 39. Qf1 Qxf1+ 40. Rxf1 Kc6 41. Rc1 Rg5 42. c4 d4 43.
Rb5 Bc5 44. Kg1 Rxe5 45. Kf1 Re3 46. Re1 Ra3 47. Re4 Rxa6 48. Rxh4 Ra1+ 49. Ke2 Ra2+ 50. Kd3 a6 51. Rb1 Rxg2 52. Rxh6 Rg3 53. Rf1 a5 54. Rh4 a4 55. Rg4 Rxh3 56. Rg7 f5 0-1

[Event "Early-Titled-Tuesday-Blitz-January-23-2024"]
[Site "Chess.com"]
[Date "2024.01.23"]
[Round "10"]
[White "Mikhail_Golubev"]
[Black "Carlitus2004"]
[Result "0-1"]
[WhiteElo "2496"]
[BlackElo "2398"]
[TimeControl "180+1"]
[EndTime "9:57:23 PST"]
[Termination "Carlitus2004 won on time"]

1. e4 e6 2. d4 d5 3. Nc3 a6 4.
Nf3 dxe4 5. Nxe4 Nf6 6. Bd3 Bd7 7. Nxf6+ gxf6 8. Bf4 c5 9. Qe2 cxd4 10. Nxd4 Nc6 11.
Nxc6 Bxc6 12. O-O-O Qa5 13. Bc4 Be7 14. Rhe1 Bd7 15.
Qf3 O-O-O 16. Kb1 Bc6 17. Qb3 Rxd1+ 18. Rxd1 Rd8 19. Rxd8+ Qxd8 20. c3 Bc5 21. f3 Qd7 22. Qc2 h5 23. Qd2 Qxd2 24. Bxd2 h4 25. Be2 Bf2 26.
Bf4 e5 27. Bh6 Kd7 28. Bg7 Ke6 29. Bc4+ Ke7 30. Kc2 h3 31. gxh3 Bxf3 32. Bd3 Bg1 33. Bf5 Bxh2 34. h4 Bf4 35. Kd3 Bg3 36. Bh6 Bxh4 37.
Be3 Bg5 38. Bc5+ Ke8 39. a4 Bc6 40. a5 Bd7 41. Be4 f5 42. Bxb7 e4+ 43. Ke2 Bb5+ 44. Kf2 Bh4+ 45. Kg2 f4 46. Bxe4 Kd7 47. Bf3 Ke6 48.
b3 Ke5 49. Bg1 Bd3 50. c4 Be7 51. c5 Bd8 52. c6 Bxa5 53. Bc5 Bc7 54. Be7 Be4 55. b4 Kd5 56. Bxe4+ Kxe4 57. Bc5 f5 58. b5 axb5 59. Bb6 Bxb6 0-1

[Event "Early-Titled-Tuesday-Blitz-January-23-2024"]
[Site "Chess.com"]
[Date "2024.01.23"]
[Round "10"]
[White "DvaHrasta"]
[Black "AsterPhoenix"]
[Result "1-0"]
[WhiteElo "2475"]
[BlackElo "2577"]
[TimeControl "180+1"]
[EndTime "9:57:25 PST"]
[Termination "DvaHrasta won by resignation"]

1. c4 e5 2. g3 g6 3. d4 exd4 4. Qxd4 Nf6 5. Bg5 Bg7 6. Qe5+ Qe7 7. Qxe7+ Kxe7 8. Nc3 c6 9. e4 h6 10. Be3 Ng4 11. Bc5+ d6 12. Ba3 Na6 13. h3 Ne5 14.
f4 Nd7 15. O-O-O Nac5 16. Nf3 Bxc3 17. bxc3 Nxe4 18. Bg2 Ndc5 19. Rhe1 f5 20. Bxc5 dxc5 21. Ne5 Re8 22. Bxe4 fxe4 23. Rxe4 Kf6 24. g4 Be6 25.
Rd6 Rad8 26. Rxd8 Rxd8 27. Nxg6 Bxg4 28. hxg4 Kxg6 29. Kc2 Rd7 30. Re6+ Kg7 31. f5 Kh7 32. Rg6 a5 33. a4 Rd8 34. Re6 Rd7 35. Re5 Rg7 36.
Re4 Rf7 37. Kd3 Rd7+ 38. Ke3 Rd1 39. Re7+ Kg8 40. Rxb7 Ra1 41. Kf4 Rxa4 42. Ke5 Rxc4 43. Kf6 Rxg4 44. Rb8+ Kh7 45. Kf7 Rf4 46. f6 h5 47. Rb7 Rf1 48. Ke6+ Kg6 49. Rg7+ Kh6 50. Rg2 Re1+ 51. Kf7 a4 52. Kf8 h4 53. f7 a3 54. Kg8 Rf1 55. f8=Q+ Rxf8+ 56. Kxf8 Kh5 57. Ke7 h3 58. Ra2 Kg4 59. c4 Kg3 60. Rxa3+ Kg2 61. Kd6 h2 62. Ra2+ 1-0

[Event "Early-Titled-Tuesday-Blitz-January-23-2024"]
[Site "Chess.com"]
[Date "2024.01.23"]
[Round "10"]
[White "aghasiyevkamal"]
[Black "IlanSchnaider"]
[Result "1-0"]
[WhiteElo "2640"]
[BlackElo "2769"]
[TimeControl "180+1"]
[EndTime "9:57:25 PST"]
[Termination "aghasiyevkamal won on time"]

1. e4 c5 2. Nf3 d6 3. Bb5+ Bd7 4. Bxd7+ Qxd7 5. c4 e5 6. Nc3 Be7 7. a3 Nc6 8. Rb1 Bd8 9. b4 Nge7 10. O-O O-O 11. d3 f5 12. Bg5 Ng6 13. bxc5 dxc5 14. Nd5 Bxg5 15. Nxg5 Nd4 16. Nxh7 fxe4 17. Ng5 Nf4 18. Nxf4 exf4 19. Qh5 Qf5 20. dxe4 f3 21. exf5 Ne2+ 22.
Kh1 fxg2+ 23. Kxg2 Nf4+ 24. Kg1 Nxh5 25. Rxb7 Rxf5 26.
h4 Rf4 27. Re1 Raf8 28. f3 Rxh4 29. Re5 Rxc4 30. Ne6 Rc1+ 31. Kf2 Rc2+ 32. Ke3 Rf7 33. Rb8+ Kh7 34. Ng5+ Kg6 35. Nxf7 Ng3 36. Rg5+ Kxf7 37.
Rb7+ Kf6 38. Rxg3 Rc3+ 39. Kf4 Rc4+ 40. Ke3 Rc3+ 41. Kd2 Rxa3 42. Rbxg7 a5 43. Rc7 Ra2+ 44. Kc3 Ra1 45. Rxc5 Rc1+ 46. Kd4 Rd1+ 47. Kc4 a4 48. Ra5 Ra1 49. Kb4 Rb1+ 50. Kxa4 Rb8 51. Rg4 Rh8 52. Rb4 Ke6 53. Rb6+ Kd7 54. Ra7+ Kc8 55. Rab7 Rh1 56. Rb4 Ra1+ 57. Kb3 Rf1 58. Rf7 Rf2 59. Rh4 1-0

[Event "Early-Titled-Tuesday-Blitz-January-23-2024"]
[Site "Chess.com"]
[Date "2024.01.23"]
[Round "10"]
[White "GothamChess"]
[Black "mbojan"]
[Result "1/2-1/2"]
[WhiteElo "2775"]
[BlackElo "2896"]
[TimeControl "180+1"]
[EndTime "9:57:26 PST"]
[Termination "Game drawn - insufficient material"]

1. e4 a6 2. d4 e6 3. c4 d5 4.
cxd5 exd5 5. exd5 Nf6 6. Nc3 Nxd5 7. Nf3 Be7 8. Bc4 Nxc3 9. bxc3 O-O 10. O-O b5 11. Bd3 Bb7 12. a4 c6 13. Re1 Nd7 14. c4 bxc4 15. Bxc4 Nb6 16. Ba2 Nd5 17. Ne5 Rc8 18. Qg4 Bf6 19. Nd7 Re8 20. Be3 Re6 21.
Nc5 Re7 22. Bxd5 cxd5 23. Rab1 Bc6 24. a5 Bb5 25. Rbc1 Bc4 26. h4 Rc6 27. Bg5 Rxe1+ 28. Rxe1 h6 29. Bxh6 Bxd4 30. Qxd4 Rxh6 31. Nb7 Qxh4 32.
Re8+ Kh7 33. Qxh4 Rxh4 34. Nc5 Rh6 35. Rb8 Rc6 36. Nd7 d4 37. Ne5 Rc7 38. Rd8 d3 39.
Rd4 Bb5 40. Nxd3 Bxd3 41. Rxd3 Rc5 42. Ra3 Re5 43. f3 Kg6 44. Kf2 Kf6 45. Kg3 Ke6 46.
Kf4 Rb5 47. Ke4 g5 48. g3 Kd6 49. f4 gxf4 50. gxf4 Ke6 51. Ra1 Rb4+ 52. Ke3 Kf5 53.
Rh1 Rb3+ 54. Kd4 Kxf4 55. Rf1+ Rf3 56. Rh1 f5 57. Rh6 Rf1 58. Rxa6 Rd1+ 59. Kc5 Ke3 60. Rf6 f4 61. a6 Ra1 62. Kb6 f3 63. Kb7 f2 64. Rxf2 Kxf2 65. a7 Rxa7+ 66. Kxa7 1/2-1/2

[Event "Early-Titled-Tuesday-Blitz-January-23-2024"]
[Site "Chess.com"]
[Date "2024.01.23"]
[Round "10"]
[White "hakanazeri2"]
[Black "HeroWilczek"]
[Result "1/2-1/2"]
[WhiteElo "2575"]
[BlackElo "2470"]
[TimeControl "180+1"]
[EndTime "9:57:26 PST"]
[Termination "Game drawn by repetition"]

1. Nf3 Nf6 2. c4 e6 3. g3 d5 4. Bg2 Be7 5. O-O O-O 6. d4 dxc4 7. Qc2 b5 8. a4 Bb7 9. axb5 a6 10. Nc3 axb5 11. Rxa8 Bxa8 12. Nxb5 Bd5 13. Nc3 c5 14.
Nxd5 exd5 15. Rd1 Qb6 16. Bg5 h6 17. Bxf6 Bxf6 18. e3 Nc6 19. dxc5 Qxc5 20. Qd2 Rd8 21. Nd4 Bxd4 22. exd4 Qb4 23. Qc3 Kf8 24. Ra1 Qxc3 25. bxc3 Ke7 26. Rb1 Ke6 27. Rb6 Kd6 28. Rb5 Ne7 29.
h4 Ra8 30. Rb6+ Kc7 31. Rb5 Kc6 32. Rc5+ Kd6 33. Rb5 Ra1+ 34. Kh2 Ra3 35. Rb6+ Kc7 36. Rb5 Kc6 37. Rb8 Rxc3 38. Rf8 Nf5 39. Rxf7 Nxd4 40.
Rxg7 Nf3+ 41. Bxf3 Rxf3 42. Kg2 Rf6 43. g4 c3 44. g5 hxg5 45. hxg5 Re6 46. Rg8 Re7 47.
Rc8+ Rc7 48. Rxc7+ Kxc7 49. g6 c2 50. g7 c1=Q 51. g8=Q Qc6 52. Kg3 Qd6+ 53. f4 d4 54.
Qc4+ Kd7 55. Qf7+ Kc6 56. Qc4+ Kb6 57. Kf3 Kb7 58. Ke4 Qc6+ 59. Qxc6+ Kxc6 60. Kxd4 Kd6 61. f5 Ke7 62. Ke5 Kf7 63. f6 Kf8 64. Kd6 Kf7 65.
Ke5 Kf8 66. Kf5 Kf7 67. Kg5 Kf8 68. Kg6 Kg8 69. Kf5 Kf7 70. Ke5 1/2-1/2

[Event "Early-Titled-Tuesday-Blitz-January-23-2024"]
[Site "Chess.com"]
[Date "2024.01.23"]
[Round "10"]
[White "Martial2008"]
[Black "Indianlad"]
[Result "0-1"]
[WhiteElo "2665"]
[BlackElo "2966"]
[TimeControl "180+1"]
[EndTime "9:57:27 PST"]
[Termination "Indianlad won on time"]

1. d4 g6 2. Nf3 Bg7 3. e4 d6 4. Bc4 Nf6 5. Qe2 Nc6 6. h3 O-O 7. e5 dxe5 8. dxe5 Nd5 9. O-O Nb6 10. Rd1 Qe8 11. Bb3 a5 12. a3 a4 13. Ba2 Ra5 14. Bf4 Be6 15. Bxe6 fxe6 16. Bg3 Nd5 17. Nbd2 h6 18. Nc4 Rc5 19. Nfd2 b5 20. Ne3 Nf4 21. Bxf4 Rxf4 22. g3 Rd4 23. f4 g5 24.
Nf3 Rxd1+ 25. Rxd1 gxf4 26. gxf4 b4 27. axb4 Nxb4 28. Nd4 Qg6+ 29. Qg4 Qxg4+ 30. hxg4 Kf7 31. c3 Nd5 32. Nxd5 exd5 33. Ra1 Rc4 34. Kf2 c5 35.
Ne2 Kg6 36. Kf3 e6 37. Rd1 h5 38. f5+ Kg5 39. fxe6 hxg4+ 40. Kf2 Kg6 41. Rxd5 Re4 42. Rxc5 Bxe5 43. Ng3 Rf4+ 44. Ke2 Bf6 45. Rd5 Rf3 46.
Rd3 Rf4 47. Re3 Be7 48. Re4 Kg5 49. Re5+ Kf6 50. Re4 Rxe4+ 51. Nxe4+ Kxe6 52. Nf2 g3 53. Ne4 g2 54. Kf2 Kd5 55. Nd2 Bg5 56. Nb1 Kc4 57.
Kxg2 Kb3 58. c4 Kxb2 59. c5 Kxb1 60. Kf3 Be7 0-1